 Dungeon Crawl Stone Soup version 0.27-a0-216-g1fbed8a51c (webtiles) character file.

Game seed: 4703567255023017176

74913 jasper the Unseen (level 15, -5/79 HPs)
             Began as a Spriggan Brigand on Jan 31, 2021.
             Was the Champion of Elyvilon.
             Slain by a two-headed ogre
             ... wielding a +0 giant spiked club
              (10 damage)
             ... while paralysed by an ogre mage
             ... on level 15 of the Dungeon.
             The game lasted 01:13:23 (32366 turns).

jasper the Unseen (Spriggan Brigand)               Turns: 32366, Time: 01:13:23

Health: -5/79      AC:  3    Str:  7    XL:     15   Next: 8%
Magic:  25/25      EV:  4    Int: 14    God:    Elyvilon [******]
Gold:   653        SH:  0    Dex: 27    Spells: 12/14 levels left

rFire    . . .     SeeInvis +   O - +8 shortbow (venom)
rCold    + . .     Faith    +   (shield currently unavailable)
rNeg     + + .     Spirit   .   P - +2 troll leather armour
rPois    .         Reflect  .   (helmet restricted)
rElec    .         Harm     .   c - +0 cloak
rCorr    .         Rampage  .   (gloves unavailable)
Will     ++...                  (boots unavailable)
Stlth    +++++++...             G - amulet "Coucw" {Faith rN++ Dex+4}
HPRegen  0.63/turn              F - ring of protection from cold
MPRegen  0.19/turn              I - +4 ring of slaying

@: paralysed, corroded, very quick
A: very small, unfitting armour, see invisible, speed 3
a: Renounce Religion, Lesser Healing, Heal Other, Purification, Greater Healing,
Divine Vigour, Divine Protection


You were on level 15 of the Dungeon.
You worshipped Elyvilon.
Elyvilon was exalted by your worship.
You visited 4 branches of the dungeon, and saw 24 of its levels.

You collected 2262 gold pieces.
You spent 1609 gold pieces at shops.

Inventory:

Hand Weapons
 o - a +2 dagger of venom
 O - a +8 shortbow of venom (weapon)
Missiles
 d - 52 poisoned darts
 e - 2 curare-tipped darts
 r - 368 arrows (quivered ammo)
 s - 11 atropa-tipped darts
 H - 40 boomerangs
 K - 13 boomerangs of dispersal
 M - 5 throwing nets
Armour
 c - a +0 cloak (worn)
 P - a +2 troll leather armour (worn)
 V - a scarf of resistance
Jewellery
 b - an uncursed amulet of magic regeneration
 n - an uncursed ring of willpower
 u - an uncursed amulet of reflection
 F - a ring of protection from cold (left hand)
 G - the amulet "Coucw" (around neck) {Faith rN++ Dex+4}
   (You acquired it on level 6 of the Lair of Beasts)

   [amulet of faith]

   It allows you to gain divine favour quickly.
   It affects your dexterity (+4).
   It greatly protects you from negative energy.
 I - a +4 ring of slaying (right hand)
 N - a +6 ring of strength
Wands
 h - a wand of charming (3)
 i - a wand of flame (3)
 y - a wand of paralysis (25)
 L - a wand of mindburst (43)
 Q - a wand of iceblast (29)
 W - a wand of polymorph (5)
 X - a wand of acid (20)
Scrolls
 a - a scroll of blinking
 l - 16 scrolls of remove curse
 m - 4 scrolls of magic mapping
 p - 14 scrolls of teleportation
 q - 3 scrolls of fear
 v - 2 scrolls of fog
 w - 5 scrolls of immolation
 E - 7 scrolls of amnesia
Potions
 f - 2 potions of haste
 g - 4 potions of lignification
 j - 5 potions of attraction
 k - 2 potions of berserk rage
 t - 2 potions of flight
 x - 2 potions of resistance
 z - a potion of brilliance
 A - 2 potions of invisibility
 C - 4 potions of curing
 D - 7 potions of heal wounds
 R - a potion of mutation
 S - 2 potions of cancellation
 T - a potion of ambrosia
 Z - a potion of might {unknown}
Miscellaneous
 B - a phantom mirror
 J - a tin of tremorstones (inert)


   Skills:
 + Level 9.3 Fighting
 - Level 8.0 Short Blades
 - Level 14.0 Bows
 - Level 2.2 Throwing
 - Level 3.0 Armour
 + Level 14.5 Dodging
 + Level 16.3 Stealth
 - Level 5.0 Translocations
 * Level 12.4 Invocations
 + Level 6.3 Evocations


You had 12 spell levels left.
You knew the following spells:

 Your Spells              Type           Power        Failure   Level
a - Blink                 Tloc           N/A          9%          2

Your spell library contained the following spells:

 Spells                   Type           Power        Failure   Level
 Gell's Gravitas          Tloc           7%           16%         3
 Teleport Other           Tloc           14%          16%         3
 Animate Skeleton         Necr           0%           38%         1
 Pain                     Necr           0%           38%         1
 Summon Small Mammal      Summ           0%           38%         1
 Portal Projectile        Hex/Tloc       14%          41%         3
 Passage of Golubria      Tloc           N/A          47%         4
 Call Imp                 Summ           0%           54%         2
 Call Canine Familiar     Summ           0%           77%         3
 Confusing Touch          Hex            0%           77%         3
 Summon Guardian Golem    Hex/Summ       0%           77%         3
 Vampiric Draining        Necr           0%           77%         3
 Animate Dead             Necr           0%           99%         4
 Cause Fear               Hex            0%           99%         4
 Petrify                  Tmut/Erth      0%           99%         4
 Summon Ice Beast         Ice/Summ       0%           99%         4
 Summon Lightning Spire   Summ/Air       0%           99%         4
 Agony                    Necr           0%           100%        5
 Metabolic Englaciation   Hex/Ice        0%           100%        5
 Silence                  Hex/Air        0%           100%        5
 Yara's Violent Unravell  Hex/Tmut       0%           100%        5
 Discord                  Hex            0%           100%        8
 Disjunction              Tloc           7%           100%        8


Dungeon Overview and Level Annotations

Branches:
Dungeon (14/15)            Temple (1/1) D:4            Lair (6/6) D:11
 Shoals (0/4) Lair:2       Spider (0/4) Lair:2        Slime (0/5) Lair:5
    Orc (2/2) D:12            Elf (0/3) Orc:2        Vaults (0/5) D:13

Altars:
Ashenzari
Cheibriados
Dithmenos
Elyvilon
Fedhas
Gozag
Hepliaklqana
Kikubaaqudgha
Makhleb
Nemelex Xobeh
Okawaru
Qazlal
Ru
Sif Muna
Trog
Uskayaw
Vehumet
Wu Jian
Xom
Yredelemnul
Zin
The Shining One
Beogh
Jiyva

Shops:
D:4 *   D:6 [}(   D:10 *   D:12 [!   Orc:1 [   Orc:2 [([([

Portals:
Trove: D:12 (give 5 potions of resistance)

Annotations:
Lair:2 1 runed translucent door, Hailok's ghost, journeyman MfGl
Lair:3 exclusion: ice statue


Innate Abilities, Weirdness & Mutations

You are very small and have problems with some larger weapons.
You are too small for most types of armour.
You have supernaturally acute eyesight. (SInv)
You cover ground extremely quickly.


Message History

The ogre mage gestures at you while chanting.
You suddenly lose the ability to move!
The ogre mage gestures at itself while chanting.
The ogre mage flickers and vanishes for a moment.
The two-headed ogre hits you with a +0 giant spiked club! x2
The ogre mage gestures at the two-headed ogre while chanting.
The two-headed ogre seems to speed up.
The two-headed ogre hits you with a +0 giant spiked club!
* * * LOW HITPOINT WARNING * * *
The two-headed ogre hits you with a +0 giant spiked club.
* * * LOW HITPOINT WARNING * * *
The two-headed ogre completely misses you.
The two-headed ogre closely misses you.
The ogre mage gestures at you while chanting.
The bolt of magma hits you!! Elyvilon protects you from harm!
The two-headed ogre hits you with a +0 giant spiked club!
* * * LOW HITPOINT WARNING * * *
The two-headed ogre hits you with a +0 giant spiked club!
You die...

..## #.##..## ...##.###.O# .
#^...# ##.####...
#...####..)..##
#.....O...##..##
#############...............
#......................##...
#††........###O..........# .
#†.........# #@.............
#..........###........###...
#..................#### ##.
#..........#########
#..........# #..........#
#.)........# #..........#
############


You could see a two-headed ogre (fast) and an ogre mage (invisible, very
poisoned).

Vanquished Creatures
  4 orc warlords
  Nessos (Orc:2)
  A vault guard (D:13)
  A catoblepas (Lair:6)
  6 hydras
  A boulder beetle (D:13)
  4 two-headed ogres
  A centaur warrior (D:14)
  A tengu warrior (D:14)
  5 death yaks
  2 unseen horrors
  2 wizards (D:13)
  2 wolf spider zombies
  A necromancer (D:13)
  An ugly thing (D:13)
  2 deep elf pyromancers
  2 cyclopes
  3 orc sorcerers
  A manticore (D:11)
  6 black mambas
  3 merfolk sirens (Lair:2)
  3 elephants (Lair:4)
  10 cane toads
  A gargoyle (D:14)
  A yaktaur (D:13)
  13 komodo dragons
  A kobold demonologist (D:12)
  21 blink frogs
  7 trolls
  7 polar bears
  A dream sheep (Lair:6)
  7 slime creatures
  5 hornets
  4 wyverns
  11 spriggans
  35 yaks
  Eustachio (D:5)
  19 humans (D:13)
  2 basilisks (D:11)
  3 vampire mosquitoes (D:15)
  6 wargs
  11 water moccasins
  A soldier ant (D:14)
  3 acid dragons
  10 ice beasts
  47 orc warriors
  3 sky beasts
  3 eyes of draining
  8 black bears
  25 wolves
  3 phantoms
  A necrophage (D:13)
  8 ogres
  5 boggarts (Lair:6)
  8 centaurs
  21 bullfrogs
  5 big kobolds
  A gnoll sergeant (D:9)
  4 scorpions
  4 killer bees
  5 howler monkeys
  9 wights
  2 centaur zombies
  3 electric eels (Lair:5)
  A bullfrog zombie (D:6)
  A quasit (D:10)
  A bullfrog skeleton (D:10)
  7 hounds
  4 jellies
  A gnoll shaman (Orc:2)
  25 orc priests
  3 iguanas
  Terence (D:2)
  20 orc wizards
  8 worker ants
  A killer bee zombie (D:9)
  A hound zombie (D:6)
  6 hound skeletons
  16 gnolls
  10 adders
  A howler monkey skeleton (D:7)
  A shadow imp (D:10)
  7 white imps
  2 ufetubi
  4 oozes
  3 adder zombies
  An adder skeleton (D:6)
  3 dart slugs
  6 worms
  4 leopard geckos
  105 orcs
  7 giant cockroaches
  12 goblins
  9 hobgoblins
  2 jackals (D:2)
  53 kobolds
  5 quokkas
  A ball python (D:3)
  4 bats
  7 frilled lizards
  A jackal skeleton (D:3)
  10 rats
752 creatures vanquished.

Vanquished Creatures (others)
  27 fungi
  111 plants
138 creatures vanquished.

Grand Total: 890 creatures vanquished

Notes
Turn   | Place    | Note
-------+----------+-------------------------------------------
     0 | D:1      | jasper the Spriggan Brigand began the quest for the Orb.
     0 | D:1      | Reached XP level 1. HP: 10/10 MP: 2/2
     3 | D:1      | Noticed an electric eel
     3 | D:1      | Noticed an electric eel
    35 | D:1      | Reached skill level 6 in Stealth
    59 | D:1      | Reached XP level 2. HP: 8/15 MP: 3/3
   404 | D:1      | Reached XP level 3. HP: 16/18 MP: 4/4
  1523 | D:2      | Noticed Terence
  1526 | D:2      | Killed Terence
  1527 | D:2      | Reached XP level 4. HP: 23/23 MP: 5/5
  2467 | D:2      | Found a broken altar of Ashenzari.
  2467 | D:2      | Found a bloodstained altar of Trog.
  2628 | D:3      | Reached XP level 5. HP: 27/27 MP: 6/6
  2876 | D:3      | Reached skill level 7 in Stealth
  3299 | D:3      | Found a white marble altar of Elyvilon.
  3302 | D:3      | Found a radiant altar of Vehumet.
  3305 | D:3      | Found a burning altar of Makhleb.
  3311 | D:3      | Became a worshipper of Elyvilon the Healer
  3424 | D:4      | Found a staircase to the Ecumenical Temple.
  3428 | D:4      | Got a transparent platinum ring
  3429 | D:4      | Identified the ring "Vasop" {Ice +Blink rN+} (You found it
                  | on level 4 of the Dungeon)
  3439 | Temple   | Entered the Ecumenical Temple
  4000 | D:4      | Found Nakalop's Assorted Antiques.
  4008 | D:4      | Bought a fizzy grey potion for 25 gold pieces
  4008 | D:4      | Bought a scroll labelled ULIAS YRIEPINWI for 28 gold pieces
  4008 | D:4      | Bought a fizzy puce potion for 25 gold pieces
  4008 | D:4      | Bought 2 grey potions for 50 gold pieces
  4008 | D:4      | Bought a fizzy puce potion for 25 gold pieces
  4172 | D:4      | Noticed an ogre
  4193 | D:4      | Killed an ogre
  4194 | D:4      | Reached skill level 1 in Invocations
  4194 | D:4      | Reached XP level 6. HP: 32/32 MP: 7/7
  4473 | D:5      | Entered Level 5 of the Dungeon
  4690 | D:5      | Reached skill level 5 in Dodging
  4690 | D:5      | Reached XP level 7. HP: 36/36 MP: 9/9
  4789 | D:5      | Reached skill level 8 in Stealth
  4969 | D:5      | Reached * piety under Elyvilon
  5490 | D:5      | Noticed Eustachio
  5538 | D:5      | Killed Eustachio
  5919 | D:4      | Reached skill level 5 in Short Blades
  6136 | D:4      | Reached XP level 8. HP: 31/42 MP: 11/11
  6788 | D:6      | Found Refrionu's Gadget Emporium.
  6793 | D:6      | Bought a wand of paralysis (7) for 117 gold pieces
  6837 | D:6      | Reached skill level 9 in Stealth
  7087 | D:6      | Reached skill level 1 in Evocations
  7092 | D:6      | Found Uqaghooz's Armour Shop.
  7138 | D:6      | Found Qemouj's Weapon Boutique.
  7141 | D:6      | Reached ** piety under Elyvilon
  7310 | D:6      | Found a sparkling altar of Nemelex Xobeh.
  8269 | D:7      | Noticed a troll
  8272 | D:7      | Killed a troll
  8273 | D:7      | Reached skill level 5 in Invocations
  8273 | D:7      | Reached XP level 9. HP: 46/46 MP: 13/13
  8343 | D:7      | Reached *** piety under Elyvilon
  8359 | D:7      | Reached skill level 10 in Stealth
  8376 | D:7      | Found a stormy altar of Qazlal.
  8378 | D:7      | Identified the Grimoire of Displacement
  8682 | D:7      | Found a shadowy altar of Dithmenos.
  9010 | D:8      | Found a hide-covered altar of Uskayaw.
  9010 | D:8      | Noticed a +0 hand axe
  9011 | D:8      | Noticed a +0 dagger
  9103 | D:8      | Reached **** piety under Elyvilon
  9260 | D:9      | Noticed a cyclops
  9479 | D:9      | Reached skill level 5 in Fighting
  9479 | D:9      | Reached skill level 5 in Evocations
  9589 | D:9      | Reached XP level 10. HP: 36/51 MP: 15/15
  9777 | D:9      | Found a shimmering altar of Xom.
  9901 | D:9      | Reached skill level 11 in Stealth
 10056 | D:9      | Reached skill level 1 in Bows
 10132 | D:9      | Killed a cyclops
 10404 | D:9      | Reached skill level 1 in Armour
 10821 | D:10     | Entered Level 10 of the Dungeon
 11180 | D:10     | Noticed an unseen horror
 11198 | D:10     | Killed an unseen horror
 11352 | D:10     | Reached ***** piety under Elyvilon
 11378 | D:10     | Found Nisoph's Lightly-Used Armoury.
 11616 | D:10     | Reached XP level 11. HP: 56/56 MP: 12/17
 11813 | D:10     | Reached skill level 5 in Bows
 11947 | D:10     | Reached skill level 12 in Stealth
 12209 | D:11     | Reached skill level 10 in Dodging
 12219 | D:11     | Noticed a two-headed ogre
 12311 | D:10     | Killed a two-headed ogre
 12723 | D:11     | Found a snail-covered altar of Cheibriados.
 13320 | D:11     | Found a staircase to the Lair.
 13564 | Lair:1   | Entered Level 1 of the Lair of Beasts
 13586 | Lair:1   | Noticed a four-headed hydra
 13636 | Lair:1   | Killed a four-headed hydra
 14158 | Lair:1   | Reached skill level 13 in Stealth
 14228 | Lair:1   | Reached ****** piety under Elyvilon
 14551 | Lair:2   | Found a hole to the Spider Nest.
 14569 | Lair:2   | Found a runed translucent door.
 14569 | Lair:2   | Found a shimmering altar of Xom.
 14569 | Lair:2   | Noticed Hailok's ghost (journeyman MfGl)
 14569 | Lair:2   | Noticed a +2 scimitar of chaos
 14589 | Lair:2   | Learned a level 2 spell: Blink
 14843 | Lair:2   | Reached XP level 12. HP: 34/62 MP: 18/18
 15088 | Lair:2   | Found a staircase to the Shoals.
 17703 | Lair:4   | Reached skill level 10 in Bows
 17796 | Lair:4   | Noticed a five-headed hydra
 17815 | Lair:4   | Killed a five-headed hydra
 18934 | Lair:5   | Noticed a death yak
 18936 | Lair:5   | Noticed a death yak
 18938 | Lair:5   | Noticed a death yak
 18983 | Lair:4   | Killed a death yak
 19033 | Lair:4   | Killed a death yak
 19034 | Lair:4   | Reached XP level 13. HP: 67/67 MP: 20/20
 19453 | Lair:5   | Found a staircase to the Slime Pits.
 19453 | Lair:5   | Found a viscous altar of Jiyva.
 19717 | Lair:6   | Entered Level 6 of the Lair of Beasts
 20235 | Lair:6   | Reached skill level 1 in Translocations
 20839 | Lair:6   | Reached skill level 14 in Stealth
 22480 | Lair:6   | Reached skill level 5 in Translocations
 22525 | Lair:6   | Reached skill level 10 in Invocations
 22926 | Lair:6   | Identified a scroll of acquirement
 22926 | Lair:6   | Acquired the amulet "Coucw" {Faith rN++ Dex+4}
 23421 | D:12     | Found Suhizep's Armour Shoppe.
 23421 | D:12     | Found a staircase to the Orcish Mines.
 23825 | D:12     | Reached XP level 14. HP: 73/73 MP: 22/22
 24145 | D:12     | Found Cecism's Distillery.
 24489 | D:12     | Found a portal to a secret trove of treasure.
 24572 | Orc:1    | Entered Level 1 of the Orcish Mines
 24741 | Orc:1    | Noticed an orc warlord
 25380 | Orc:1    | Killed an orc warlord
 25380 | Orc:1    | Noticed an orc warlord
 25381 | Orc:1    | Reached skill level 15 in Stealth
 25694 | D:12     | Killed an orc warlord
 26051 | Orc:1    | Found Gerchotos's Antique Armour Emporium.
 26272 | Orc:1    | Found a roughly hewn altar of Beogh.
 26380 | Orc:2    | Entered Level 2 of the Orcish Mines
 26889 | Orc:2    | Found a roughly hewn altar of Beogh.
 26996 | Orc:2    | Found a burning altar of Makhleb.
 27149 | Orc:2    | Noticed Nessos
 27156 | Orc:2    | Killed Nessos
 27377 | Orc:2    | Noticed an orc warlord
 27522 | Orc:2    | Killed an orc warlord
 27614 | Orc:2    | Found a staircase to the Elven Halls.
 27730 | Orc:2    | Found Caig's Antique Armour Shop.
 27752 | Orc:2    | Found a roughly hewn altar of Beogh.
 27888 | Orc:2    | Noticed an orc warlord
 28018 | D:12     | Killed an orc warlord
 28596 | Orc:2    | Found Huipuut's Antique Weapon Boutique.
 28597 | Orc:2    | Found a roughly hewn altar of Beogh.
 28598 | Orc:2    | Found Xugeibua's Antique Armour Shop.
 28651 | Orc:2    | Found a roughly hewn altar of Beogh.
 28661 | Orc:2    | Found Ifathregy's Weapon Boutique.
 28822 | Orc:2    | Found a roughly hewn altar of Beogh.
 28823 | Orc:2    | Found Juaw Lya's Armour Emporium.
 29285 | D:6      | Bought a wand of paralysis (7) for 117 gold pieces
 29285 | D:6      | Bought a wand of iceblast (10) for 182 gold pieces
 29285 | D:6      | Bought a tin of tremorstones (2/2) for 520 gold pieces
 29285 | D:6      | Bought a phantom mirror for 520 gold pieces
 29947 | D:13     | Got a crude lead ring
 29948 | D:13     | Identified the ring "Venevibe" {rElec rF- AC+4 Str-4
                  | Stlth+} (You found it on level 13 of the Dungeon)
 30175 | D:13     | Reached skill level 16 in Stealth
 30531 | D:13     | Found a gate to the Vaults.
 31449 | D:14     | Found a glowing silver altar of Zin.
 31449 | D:14     | Noticed an angel
 32002 | D:14     | Reached XP level 15. HP: 70/79 MP: 25/25
 32231 | D:14     | You fall into a shaft and drop 1 floor!
 32231 | D:15     | Entered Level 15 of the Dungeon
 32361 | D:15     | Paralysed by an ogre mage for 7 turns
 32365 | D:15     | Elyvilon protects you from harm!
 32366 | D:15     | Slain by a two-headed ogre

Illustrated notes

Levels and vault maps discovered:
D:1:      arrival_aquarium_b, layout_loops_ring
D:2:      minmay_angry_zag, layout_basic, gammafunk_temple_overflow_wave,
          serial_co_window_serial, co_window_paths_a, co_window_corner_a,
          co_window_of_opportunity_a, co_window_paths_a, co_window_paths_b,
          co_window_corner_ca, co_window_unsneaky_path_d, co_window_broadway_b,
          co_window_paths_c, co_window_4corner_b, co_window_paths_d,
          glass_columns_b, glass_columns_a, glass_columns_a, glass_columns_b,
          uniq_terence
D:3:      layout_rooms, grunt_temple_overflow_diamond,
          chequers_serial_rivers_small_3, small_statue_intersection, st_stairs_1
D:4:      kennysheep_kobold_camp, layout_basic, temple_fountains, serial_shops,
          nicolae_shop_statue_plus
D:5:      layout_basic, uniq_eustachio
D:6:      layout_gridville, nemelex_xobeh_ov_fountains_minmay, serial_undead,
          serial_undead_c, serial_undead_a, serial_undead_a, serial_undead_d,
          serial_shops, shop_fountains, shop_fountains, nicolae_shop_trees
D:7:      layout_basic, nicolae_qazlal_style_of_elements,
          lemuel_coloured_pillars_altar
D:8:      kennysheep_big_flooded_room, layout_cave_pools,
          dancing_weapons_uskayaw
D:9:      layout_roguey, kennysheep_mini
D:10:     minmay_bubble_buster, layout_long_grid, chequers_garden,
          minmay_shop_damaged
D:11:     layout_cave_pools, erik_lair_dragon, basic_altar,
          hangedman_decor_lopped
D:12:     layout_long_grid, orc_david_3, nicolae_trove_entry_columns,
          serial_shops, nicolae_shop_trees, serial_bayou_lagoon_a
D:13:     layout_stronghold, grunt_vaults_entry_tiered
D:14:     layout_basic, zin_angel
D:15:     hangedman_depths_entry_civil_slaughter, layout_rooms, uniq_agnes,
          uniq_jorgrun
Temple:   minmay_temple_bridge_abc
Lair:1:   layout_chaotic_city, chequers_serial_rivers_room_a
Lair:2:   layout_small_grid, elwin_shoals_entry_rooms,
          spider_nest_entry_web_field, ebering_ghost_xom, serial_rivers,
          chequers_serial_rivers_micro_e, chequers_serial_rivers_large_b,
          chequers_serial_rivers_micro_e, chequers_serial_rivers_large_a,
          patterned_corridor
Lair:3:   layout_regular_city, ice2_lemuel
Lair:4:   layout_cave_pods, eino_small_chamber_without_monster
Lair:5:   layout_loops_ring, slime_altar_1, infiniplex_staircase_pool,
          serial_bayou_shore_a
Lair:6:   minmay_lair_end_enchanted_forest, layout_gridlike, wad_woods_road_01,
          lemuel_fruit_tree
Orc:1:    layout_diamond_mine, basic_altar, serial_shops, shop,
          statue_in_the_mist_lemuel, uniq_urug
Orc:2:    grunt_orc_community_town_hall, layout_diamond_mine,
          grunt_orc_community_big_house_2, grunt_orc_community_big_house_1,
          grunt_orc_community_house_1, grunt_orc_community_house_1,
          grunt_orc_community_house_3, grunt_orc_community_house_3,
          grunt_orc_community_house_1, basic_altar, serial_shops, shop,
          uniq_nessos

Skill      XL: |  1  2  3  4  5  6  7  8  9 10 11 12 13 14 |
---------------+-------------------------------------------+-----
Stealth        | 6 7 8 9 10 11 13 14 16 | 16.3
Dodging        | 2 3 4 5 6 7 8 9 11 12 14 | 14.5
Fighting       | 2 3 4 5 6 7 8 9 |  9.3
Short Blades   | 3 4 5 6 7 8 |  8.0
Invocations    | 1 3 5 6 7 8 10 12 | 12.4
Evocations     | 3 5 6 |  6.3
Bows           | 4 8 13 14 | 14.0
Armour         | 1 3 |  3.0
Translocations | 5 |  5.0
Throwing       | |  2.2

Action                   |  1- 3 |  4- 6 |  7- 9 | 10-12 | 13-15 || total
-------------------------+-------+-------+-------+-------+-------++-------
Melee: Dagger            |    64 |   218 |   346 |   957 |  1201 ||  2786
 Fire: Shortbow          |       |       |       |   213 |   564 ||   777
Throw: Dart              |    25 |    24 |    69 |   134 |   156 ||   408
       Boomerang         |       |       |     2 |       |       ||     2
Invok: Lesser Healing    |       |       |     1 |       |       ||     1
       Heal Other        |       |       |       |     1 |     4 ||     5
Evoke: Wand              |       |       |     3 |    12 |    29 ||    44
       Tin of tremorston |       |       |       |       |     2 ||     2
  Use: Scroll            |       |     1 |     7 |    15 |    17 ||    40
       Potion            |       |       |       |       |     1 ||     1
 Stab: Sleeping          |    10 |    10 |    18 |    11 |    40 ||    89
       Paralysed         |       |       |     2 |     3 |     4 ||     9
       Distracted        |       |       |     1 |     2 |     1 ||     4
       Petrified         |       |       |       |       |     1 ||     1
Armor: Robe              |     3 |    20 |    11 |       |       ||    34
       Troll leather arm |       |       |     2 |    60 |    65 ||   127
Dodge: Dodged            |    37 |   152 |   205 |   698 |  1190 ||  2282
Block: Other             |       |       |    27 |   176 |    43 ||   246
       Reflection        |       |       |     1 |     7 |       ||     8

Table legend: (Time is in decaauts)
 A = Elapsed time spent in this place.
 B = Non-inter-level travel time spent in this place.
 C = Inter-level travel time spent in this place.
 D = Time resting spent in this place.
 E = Time spent auto-exploring this place.
 F = Levels seen in this place.
 G = Mean time per level.
                   A        B        C        D        E       F      G
               +--------+--------+--------+--------+--------+-----+--------+
         Total |  23100 |  22268 |    832 |   4354 |  11390 |  24 |  962.5 |
       Dungeon |  14041 |  13463 |    578 |   2861 |   6902 |  15 |  936.1 |
        Temple |    117 |    104 |     13 |      0 |    102 |   1 |  117.0 |
          Lair |   6794 |   6596 |    198 |   1223 |   3396 |   6 | 1132.3 |
  Orcish Mines |   2147 |   2105 |     42 |    270 |    988 |   2 | 1073.5 |
               +--------+--------+--------+--------+--------+-----+--------+

Top non-repeatable levels by time:
    D:12: 2163 daAuts
  Lair:6: 1848 daAuts
   Orc:2: 1448 daAuts
    D:13: 1344 daAuts
  Lair:5: 1323 daAuts
     D:4: 1277 daAuts
     D:2: 1203 daAuts
    D:10: 1147 daAuts
     D:9: 1142 daAuts
  Lair:3: 1120 daAuts
     D:5: 1079 daAuts
  Lair:2: 1014 daAuts
     D:6: 872 daAuts
    D:11: 866 daAuts
  Lair:4: 841 daAuts
